 Dungeon Crawl Stone Soup version 0.31.0-1-g2c135a0 (webtiles) character file.

Game seed: 14163774746130249656

163306 jagoly the Fighter (level 16, -9/127 HPs)
             Began as a Human Earth Elementalist on Jan 29, 2024.
             Was the Champion of Cheibriados.
             Hit by a silver javelin thrown by a merfolk javelineer (15 damage)
             ... on level 4 of the Shoals on Jan 30, 2024.
             The game lasted 04:04:21 (8272 turns).

jagoly the Fighter (Human Earth Elementalist)       Turns: 8272, Time: 04:04:21

Health: -9/127     AC: 15    Str: 25    XL:     16   Next: 68%
Magic:  4/28       EV: 25    Int: 40    God:    Cheibriados [******]
Gold:   1042       SH:  0    Dex: 29    Spells: 14/37 levels left

rFire   . . .        a - +9 halberd "Leistrui" {freeze, rPois Int+3}
rCold   . . .        (shield currently unavailable)
rNeg    . . .        y - +3 scale mail {Will+}
rPois   +            A - +2 hat
rElec   .            (no cloak)
rCorr   .            g - +0 pair of gloves
SInv    .            (no boots)
Will    ++...        t - amulet of regeneration
Stlth   +++          v - +5 ring of evasion
HPRegen 1.21/turn    Z - ring of flight
MPRegen 0.21/turn

%: no passive effects
@: flying, studying Evocations, very slow
A: explore regen, low MP 1
}: 2/15 runes: serpentine, abyssal
a: Renounce Religion, Bend Time, Temporal Distortion, Slouch, Step From Time


You were on level 4 of the Shoals.
You worshipped Cheibriados.
Cheibriados was exalted by your worship.
You visited 5 branches of the dungeon, and saw 25 of its levels.
You visited the Abyss 1 time.
You also visited: Volcano.

You collected 1180 gold pieces.
You spent 138 gold pieces at shops.

Inventory:

Hand Weapons
 a - the +9 halberd "Leistrui" (weapon) {freeze, rPois Int+3}
   (You found it on level 10 of the Dungeon)

   Int+3:     It affects your intelligence (+3).
   rPois:     It protects you from poison
 b - the +6 arbalest "Damnation" {damnation}
   (You found it on level 5 of the Lair of Beasts)
 B - a +0 demon trident of venom
 J - a +5 war axe of flaming
Missiles
 f - 26 poisoned darts
 j - 22 stones (quivered)
 H - 15 javelins
 L - 4 boomerangs
 O - 4 darts of dispersal
 V - a throwing net
Armour
 g - a +0 pair of gloves (worn)
 u - a +0 buckler
 y - a +3 scale mail of willpower (worn)
 A - a +2 hat (worn)
 N - a +2 tower shield
Magical Staves
 l - a staff of alchemy
 E - a staff of cold
 U - a staff of death
 W - the staff of Logasmos {rF+ rCorr Dex-4 Summ Fire}
   (You found it on level 10 of the Dungeon)

   [staff of fire]

   Base accuracy: +5 Base damage: 5 Base attack delay: 1.2 This weapon's minimum
   attack delay (0.6) is reached at skill level 12.
   Dex-4:     It affects your dexterity (-4).
   rF+:       It protects you from fire.
   rCorr:     It protects you from acid and corrosion.
   Summ:      It increases the power of your Summonings spells.
   Fire:      It increases the power of your Fire spells.
   It falls into the 'Staves' category.
   It is a one-handed weapon.
Jewellery
 t - an amulet of regeneration (around neck)
 v - a +5 ring of evasion (left hand)
 C - a +6 ring of dexterity
 Z - a ring of flight (right hand)
Wands
 h - a wand of paralysis (11)
 r - a wand of digging (5)
 s - a wand of acid (4)
 Q - a wand of flame (19)
 S - a wand of mindburst (13)
Scrolls
 k - 2 scrolls of revelation
 p - a scroll of enchant weapon
 q - 4 scrolls of enchant armour
 x - a scroll of silence
 D - 3 scrolls of poison
 I - 2 scrolls of amnesia
 K - a scroll of immolation
 P - 2 scrolls of torment
 R - a scroll of fog {unknown}
 Y - 2 scrolls of brand weapon
Potions
 d - 2 potions of cancellation
 e - 3 potions of curing
 i - a potion of heal wounds
 m - 3 potions of might
 n - 9 potions of mutation
 o - 3 potions of enlightenment
 w - 3 potions of berserk rage
 z - a potion of attraction
 F - a potion of haste {unknown}
 G - 2 potions of brilliance
 M - a potion of lignification {unknown}
 T - a potion of ambrosia {unknown}
 X - 2 potions of magic
Miscellaneous
 c - a phial of floods (inert)


   Skills:
 + Level 11.7 Fighting
 * Level 7.7 Polearms
 - Level 2.0 Throwing
 - Level 10.0 Armour
 - Level 10.0 Dodging
 - Level 6.0 Stealth
 + Level 11.4 Spellcasting
 + Level 9.6 Conjurations
 - Level 4.0 Translocations
 + Level 9.6 Ice Magic
 - Level 10.0 Earth Magic
 - Level 8.0 Invocations
 - Level 4.0 Evocations


You had 14 spell levels left.
You knew the following spells:

 Your Spells              Type           Power      Damage    Failure   Level
a - Sandblast             Erth           100%       2d20      1%          1
c - Stone Arrow           Conj/Erth      100%       3d13      1%          3
f - Freezing Cloud        Conj/Ice/Air   32%        6-21      6%          5
p - Petrify               Alch/Erth      58%        N/A       4%          4
t - Frozen Ramparts       Ice            100%       1d16      1%          3
w - Passwall              Erth           80%        N/A       1%          3
B - Iskenderun's Mystic   Conj/Tloc      67%        2d14      1%          4

Your spell library contained the following spells:

 Spells                   Type           Power      Damage    Failure   Level
 Hailstorm                Conj/Ice       79%        3d13      1%          3
 Summon Ice Beast         Ice/Summ       57%        N/A       1%          3
 Brom's Barrelling Bould  Conj/Erth      79%        2d9       1%          4
 Mephitic Cloud           Conj/Alch/Air  48%        N/A       2%          3
 Summon Small Mammal      Summ           88%        N/A       3%          1
 Mercury Vapours          Alch/Air       44%        N/A       4%          2
 Volatile Blastmotes      Fire/Tloc      76%        2d16      4%          3
 Fulminant Prism          Conj/Alch      28%        3d14      4%          4
 Leda's Liquefaction      Alch/Erth      29%        N/A       4%          4
 Passage of Golubria      Tloc           53%        N/A       6%          4
 Call Canine Familiar     Summ           22%        N/A       10%         3
 Tukima's Dance           Hex            22%        N/A       10%         3
 Metabolic Englaciation   Hex/Ice        28%        N/A       12%         5
 Dimensional Bullseye     Hex/Tloc       19%        N/A       14%         4
 Animate Dead             Necr           22%        N/A       30%         4
 Summon Blazeheart Golem  Fire/Summ      22%        N/A       30%         4
 Sculpt Simulacrum        Ice/Alch       28%        N/A       54%         6
 Silence                  Hex/Air        11%        N/A       65%         5
 Lehudib's Crystal Spear  Conj/Erth      39%        10d10     98%         8
 Haunt                    Necr/Summ      11%        N/A       100%        7
 Borgnjor's Revivificati  Necr           11%        N/A       100%        8
 Infestation              Necr           11%        N/A       100%        8
 Death's Door             Necr           11%        N/A       100%        9


Dungeon Overview and Level Annotations

Branches:
Dungeon (11/15) Zot: 38801  Temple (1/1) D:6 Zot: 8958    Lair (5/5) D:11 Zot: 39482
 Shoals (4/4) Lair:2 Zot: 35350   Snake (4/4) Lair:3 Zot: 33997   Slime (0/5) Lair:5
    Orc (0/2) D:10        Volcano (visited)

Altars:
Ashenzari
Cheibriados
Dithmenos
Elyvilon
Fedhas
Gozag
Hepliaklqana
Kikubaaqudgha
Makhleb
Okawaru
Qazlal
Ru
Trog
Uskayaw
Vehumet
Wu Jian
Xom
Yredelemnul

Shops:
D:10 ?   Shoals:1 (

Annotations:
D:6 3 runed translucent doors
Snake:1 1 runed translucent door, Dadghomedgh's ghost, adept GnHW
Snake:2 Donald; Wizard1ke's ghost, adept MiFi
Snake:3 Nys Cevy's ghost, adept TrFi


Innate Abilities, Weirdness & Mutations

You regain HP and MP as you explore.
Your magical capacity is low. (-10% MP)


Message History

Aim: a water nymph (almost dead, about 32% to evade the +9 halberd "Leistrui")
You slash the water nymph! You freeze the water nymph.
You kill the water nymph!
Cheibriados appreciates the change of pace.
Found a ring of flight.
A sea snake comes into view.
Found 7 stones.
The sea snake hisses angrily.
Cast which spell? (? or * to list)
Aiming: Stone Arrow (safe; 1% risk of failure)
Press: ? - help, Shift-Dir - straight line, f - sea snake
Aim: a sea snake (63% to hit)
The stone arrow misses the sea snake.
Cast which spell? (? or * to list)
Aiming: Stone Arrow (safe; 1% risk of failure)
Press: ? - help, Shift-Dir - straight line, f/p - sea snake
Aim: a sea snake (63% to hit)
The stone arrow misses the sea snake.
A merfolk comes into view. It is wielding a +0 trident.
Cast which spell? (? or * to list)
Aiming: Stone Arrow (safe; 1% risk of failure)
Press: ? - help, Shift-Dir - straight line, f/p - sea snake
Aim: a sea snake (63% to hit)
The stone arrow hits the sea snake!
The sea snake is moderately wounded.
The merfolk shouts!
A merfolk impaler comes into view.
It is wielding a +0 demon trident of venom.
A water nymph comes into view.
The sea snake bites you but does no damage.
Reach: a) +9 halberd "Leistrui" {freeze, rPois Int+3}
Press: ? - help, Dir - move target, f/p - sea snake
Aim: a sea snake (moderately wounded, about 36% to evade the +9 halberd "Leistrui")
You barely miss the sea snake.
The sea snake is moderately wounded.
The sea snake closely misses you.
Reach: a) +9 halberd "Leistrui" {freeze, rPois Int+3}
Press: ? - help, Dir - move target, f/p - sea snake
Aim: a sea snake (moderately wounded, about 36% to evade the +9 halberd "Leistrui")
You barely miss the sea snake.
The sea snake is moderately wounded.
The merfolk impaler shouts!
The water nymph shouts!
The sea snake misses you.
The merfolk throws a boomerang.
The boomerang completely misses you.
Cast which spell? (? or * to list)
Okay, then.
Cast which spell? (? or * to list)
Aiming: Freezing Cloud (dangerous; 9% risk of failure)
Press: ? - help, Dir - move target, p - sea snake The sea snake is engulfed in freezing vapours.
The sea snake bites you!
A water elemental comes into view.
The merfolk is engulfed in freezing vapours.
The merfolk throws a boomerang.
The boomerang misses you.
Cast which spell? (? or * to list)
Aiming: Freezing Cloud (dangerous; 9% risk of failure)
Press: ? - help, Dir - move target The sea snake is engulfed in freezing vapours.
The sea snake bites you but does no damage.
The merfolk impaler is engulfed in freezing vapours.
The merfolk is engulfed in freezing vapours.
The merfolk throws a boomerang.
The boomerang closely misses you.
The sea snake is engulfed in freezing vapours.
The sea snake misses you.
Reach: a) +9 halberd "Leistrui" {freeze, rPois Int+3}
Press: ? - help, Dir - move target, f - sea snake
Aim: a sea snake (freezing vapour, severely wounded, about 36% to evade the +9 halberd "Leistrui")
You barely miss the sea snake.
The sea snake is severely wounded.
The merfolk impaler is engulfed in freezing vapours.
The sea snake is engulfed in freezing vapours.
The sea snake seems to slow down.
The sea snake closely misses you.
The merfolk is engulfed in freezing vapours.
The merfolk impaler is engulfed in freezing vapours.
The merfolk impaler misses you.
Reach: a) +9 halberd "Leistrui" {freeze, rPois Int+3}
Press: ? - help, Dir - move target, f/p - sea snake
Aim: a sea snake (freezing vapour, almost dead, slow, about 36% to evade the +9 halberd "Leistrui")
You puncture the sea snake!
The sea snake seems to slow down.
You freeze the sea snake.
You kill the sea snake!
Cheibriados appreciates the change of pace.
The merfolk is engulfed in freezing vapours.
The merfolk throws a boomerang.
The boomerang closely misses you.
The merfolk impaler is engulfed in freezing vapours.
The merfolk impaler completely misses you.
The water elemental is engulfed in freezing vapours.
The merfolk impaler is engulfed in freezing vapours.
The merfolk impaler completely misses you.
The merfolk is engulfed in freezing vapours.
You kill the merfolk!
Cheibriados appreciates the change of pace.
You hear a splash. x2
Training target 10.0 for Armour reached!
Your Armour skill increases to level 10!
Reach: a) +9 halberd "Leistrui" {freeze, rPois Int+3}
Press: ? - help, Dir - move target, f - water nymph
Aim: a water nymph (about 32% to evade the +9 halberd "Leistrui")
You impale the water nymph!! You freeze the water nymph.
The water nymph is heavily wounded.
The merfolk impaler is engulfed in freezing vapours.
The merfolk impaler hits you from afar with a +0 demon trident of venom.
The water elemental is engulfed in freezing vapours.
The water nymph barely misses you.
The merfolk impaler is engulfed in freezing vapours.
The merfolk impaler completely misses you.
Reach: a) +9 halberd "Leistrui" {freeze, rPois Int+3}
Press: ? - help, Dir - move target, f/p - water nymph
Aim: a water nymph (heavily wounded, about 32% to evade the +9 halberd "Leistrui")
You completely miss the water nymph.
The water nymph is heavily wounded.
The water elemental is engulfed in freezing vapours.
The merfolk impaler is engulfed in freezing vapours.
You kill the merfolk impaler!
Cheibriados appreciates the change of pace.
The water nymph barely misses you.
You feel the corruption within you wane completely.
You feel clever.
Reach: a) +9 halberd "Leistrui" {freeze, rPois Int+3}
Press: ? - help, Dir - move target, f/p - water nymph
Aim: a water nymph (heavily wounded, about 32% to evade the +9 halberd "Leistrui")
You slash the water nymph! You freeze the water nymph.
The water nymph is severely wounded.
The water elemental is engulfed in freezing vapours.
The water elemental barely misses you. The water nymph barely misses you.
Reach: a) +9 halberd "Leistrui" {freeze, rPois Int+3}
Press: ? - help, Dir - move target, f/p - water nymph
Aim: a water nymph (severely wounded, about 32% to evade the +9 halberd "Leistrui")
You slice the water nymph!! You freeze the water nymph.
You kill the water nymph!
Cheibriados appreciates the change of pace.
The water elemental is engulfed in freezing vapours.
You destroy the water elemental!
Cheibriados appreciates the change of pace.
q - 4 scrolls of enchant armour (gained 1)
Things that are here:
a +0 demon trident of venom; a +0 leather armour
Okay, then.
Okay, then.
Unknown command.
Press: ? - help, v - describe, . - travel, g - get item
Items here: a +0 demon trident of venom; a +0 leather armour.
The floor.
Unknown command.
You drop a +2 trident of venom.
B - a +0 demon trident of venom
Press: ? - help, v - describe, . - travel, g - get item
Items here: a +0 trident; a boomerang.
Some shallow water.
Unknown command.
L - 4 boomerangs (gained 1)
You see here a +0 trident.
A sea snake and a harpy come into view.
The harpy screeches!
You hear a screech!
A harpy comes into view. x2
You hear a screech!
The sea snake hisses angrily.
There is a large open door here.
Cast which spell? (? or * to list)
Aiming: Freezing Cloud (dangerous; 7% risk of failure)
Press: ? - help, Dir - move target, f - harpy
Aim: a harpy The harpy is engulfed in freezing vapours.
The sea snake is engulfed in freezing vapours.
The sea snake barely misses you.
The harpy is engulfed in freezing vapours.
The harpy closely misses you. The harpy barely misses you.
A harpy comes into view.
Unknown command.
Cast which spell? (? or * to list)
Okay, then.
Reach: a) +9 halberd "Leistrui" {freeze, rPois Int+3}
Press: ? - help, Dir - move target, f - harpy, p - harpy
Aim: a harpy (about 25% to evade the +9 halberd "Leistrui")
You closely miss the harpy.
The harpy is engulfed in freezing vapours.
The harpy closely misses you. The harpy misses you.
The harpy closely misses you. The harpy barely misses you.
The harpy is engulfed in freezing vapours.
The sea snake is engulfed in freezing vapours.
The sea snake bites you but does no damage.
The harpy is engulfed in freezing vapours.
The harpy misses you. The harpy completely misses you.
The sea snake is engulfed in freezing vapours.
The sea snake completely misses you.
Reach: a) +9 halberd "Leistrui" {freeze, rPois Int+3}
Press: ? - help, Dir - move target, f/p - harpy
Aim: a harpy (about 25% to evade the +9 halberd "Leistrui")
You reach to attack!
You slice the harpy!! You freeze the harpy!
The harpy is almost dead.
The harpy is engulfed in freezing vapours.
The harpy misses you. x2; The harpy barely misses you.
The harpy claws you but does no damage.
The harpy is engulfed in freezing vapours.
The harpy barely misses you. x2
The harpy is engulfed in freezing vapours.
A merfolk aquamancer comes into view.
It is wielding a +0 rapier of venom and wearing a +0 robe of positive energy.
The sea snake is engulfed in freezing vapours.
The sea snake misses you.
The harpy is engulfed in freezing vapours.
You kill the harpy!
Cheibriados thoroughly appreciates the change of pace.
Training target 10.0 for Dodging reached!
Your Dodging skill increases to level 10!
Reach: a) +9 halberd "Leistrui" {freeze, rPois Int+3}
Press: ? - help, Dir - move target, f/p - harpy
Aim: a harpy (almost dead, about 25% to evade the +9 halberd "Leistrui")
You hit the harpy. You freeze the harpy.
The harpy is almost dead.
The harpy is engulfed in freezing vapours.
The harpy closely misses you. The harpy barely misses you.
The harpy is engulfed in freezing vapours.
The harpy claws you! The harpy completely misses you.
The sea snake is engulfed in freezing vapours.
The sea snake seems to slow down.
The sea snake bites you but does no damage.
The harpy is engulfed in freezing vapours.
The harpy claws you! The harpy misses you. The harpy completely misses you.
The harpy claws you but does no damage.
Cast which spell? (? or * to list)
You don't know that spell.
Unknown command.
Reach: a) +9 halberd "Leistrui" {freeze, rPois Int+3}
Press: ? - help, Dir - move target, f/p - harpy
Aim: a harpy (almost dead, about 25% to evade the +9 halberd "Leistrui")
You barely miss the harpy.
The harpy is almost dead.
The harpy completely misses you. The harpy misses you.
The harpy is engulfed in freezing vapours.
The harpy misses you. x2
The merfolk aquamancer gestures wildly while chanting.
The merfolk aquamancer blinks!
The sea snake is engulfed in freezing vapours.
The sea snake misses you.
The harpy is engulfed in freezing vapours.
The harpy barely misses you. The harpy claws you but does no damage.
The harpy completely misses you. The harpy misses you.
Reach: a) +9 halberd "Leistrui" {freeze, rPois Int+3}
Press: ? - help, Dir - move target, f/p - harpy
Aim: a harpy (almost dead, about 25% to evade the +9 halberd "Leistrui")
You puncture the harpy! You freeze the harpy.
You kill the harpy!
Cheibriados thoroughly appreciates the change of pace.
The harpy completely misses you. x2
The harpy is engulfed in freezing vapours.
You kill the harpy!
Cheibriados thoroughly appreciates the change of pace.
The sea snake is engulfed in freezing vapours.
You kill the sea snake!
Cheibriados thoroughly appreciates the change of pace.
Cheibriados raises the support of your attributes as your movement slows.
Reach: a) +9 halberd "Leistrui" {freeze, rPois Int+3}
Press: ? - help, Dir - move target, f - harpy
Aim: a harpy (about 25% to evade the +9 halberd "Leistrui")
You puncture the harpy! You freeze the harpy.
The harpy is moderately wounded.
The harpy misses you. The harpy claws you but does no damage.
The merfolk aquamancer points at you and mumbles some strange words.
The shard of ice misses you.
The shard of ice hits the harpy!!!
The harpy dies!
Cast which spell? (? or * to list)
Aiming: Freezing Cloud (dangerous; 6% risk of failure)
Press: ? - help, Dir - move target, f - merfolk aquamancer
Aim: a merfolk aquamancer, wielding a +0 rapier of venom and wearing a +0 robe of positive energy The merfolk aquamancer is engulfed in freezing vapours.
Reach: a) +9 halberd "Leistrui" {freeze, rPois Int+3}
Press: ? - help, Dir - move target, f/p - merfolk aquamancer
Aim: a merfolk aquamancer, wielding a +0 rapier of venom and wearing a +0 robe of positive energy (freezing vapour, lightly wounded, about 30% to evade the +9 halberd "Leistrui")
You reach to attack!
You slash the merfolk aquamancer! You freeze the merfolk aquamancer.
The merfolk aquamancer is moderately wounded.
The merfolk aquamancer is engulfed in freezing vapours.
The merfolk aquamancer points at you and mumbles some strange words.
The shard of ice misses you.
Reach: a) +9 halberd "Leistrui" {freeze, rPois Int+3}
Press: ? - help, Dir - move target, f/p - merfolk aquamancer
Aim: a merfolk aquamancer, wielding a +0 rapier of venom and wearing a +0 robe of positive energy (freezing vapour, heavily wounded, about 30% to evade the +9 halberd "Leistrui")
You reach to attack!
You slice the merfolk aquamancer!! You freeze the merfolk aquamancer!
You kill the merfolk aquamancer!
Cheibriados appreciates the change of pace.
There is a large open door, spattered with blood here.
Found a wand of flame (8) and a book of Death.
Press: ? - help, v - describe, . - travel, g - get item Item here: a book of Death.
The floor.
Okay, then.
Unknown command.
Found 18 gold pieces.
Unknown command.
Unknown command.
Unknown command.
Unknown command.
Unknown command.
You pick up a book of Death and begin reading...
You add the spells Animate Dead and Infestation to your library.
Unknown command.
Found 25 gold pieces.
Press: ? - help, . - travel, g - get item You can't see that place. [Stash: a wand of flame (8)] [the floor.]
Found a glowing hand axe.
You now have 1042 gold pieces (gained 18).
A manticore comes into view.
A storm dragon comes into view.
Found a leather armour and a barnacled rune of Zot.
A water nymph comes into view.
Okay, then.
Unknown command.
Press: ? - help, v - describe, . - travel, g - get item
Here: a storm dragon (asleep) Item here: a barnacled rune of Zot.
The floor.
Cast which spell? (? or * to list)
Aiming: Freezing Cloud (dangerous; 6% risk of failure)
Press: ? - help, Dir - move target, f - water nymph
Aim: a water nymph (wandering, hasn't noticed you)
The water nymph shouts!
The storm dragon roars deafeningly!
The storm dragon is engulfed in freezing vapours.
The water nymph is engulfed in freezing vapours.
The water nymph flows with the water.
The manticore flicks its tail.
The volley of spikes misses you.
Reach: a) +9 halberd "Leistrui" {freeze, rPois Int+3}
Press: ? - help, Dir - move target, f/p - water nymph
Aim: a water nymph (moderately wounded, about 32% to evade the +9 halberd "Leistrui")
You puncture the water nymph! You freeze the water nymph.
The water nymph is severely wounded.
The water nymph touches you. The water nymph drowns you!
Reach: a) +9 halberd "Leistrui" {freeze, rPois Int+3}
Press: ? - help, Dir - move target, f/p - water nymph
Aim: a water nymph (severely wounded, about 32% to evade the +9 halberd "Leistrui")
You slice the water nymph!! You freeze the water nymph.
You kill the water nymph!
Cheibriados appreciates the change of pace.
The storm dragon is engulfed in freezing vapours. x2
Throw: 2 throwing nets
Press: ? - help, Shift-Dir - straight line, f - storm dragon
Aim: a storm dragon (freezing vapour, lightly wounded, 70% to hit)
You throw a throwing net. The throwing net hits the storm dragon.
The storm dragon is caught in the net!
The storm dragon is lightly wounded.
The storm dragon is engulfed in freezing vapours.
The storm dragon breathes lightning at you.
The bolt of lightning hits you!!!
The storm dragon struggles against the net.
You hear a shout!
You hear an angry hiss.
You hear a shout! x4
Cast which spell? (? or * to list)
Aiming: Stone Arrow (safe; 1% risk of failure)
Press: ? - help, Shift-Dir - straight line, f/p - storm dragon
Aim: a storm dragon (freezing vapour, moderately wounded, entangled in a net, catching its breath, haloed, 100% to hit)
The stone arrow hits the storm dragon!
The storm dragon is heavily wounded.
The manticore flicks its tail.
The volley of spikes misses you.
Cast which spell? (? or * to list)
Aiming: Stone Arrow (safe; 1% risk of failure)
Press: ? - help, Shift-Dir - straight line, f/p - storm dragon
Aim: a storm dragon (freezing vapour, heavily wounded, entangled in a net, catching its breath, 100% to hit)
The stone arrow hits the storm dragon!!
The storm dragon is severely wounded.
The manticore flicks its tail.
The volley of spikes misses you.
A merfolk comes into view.
It is wielding a +0 glaive and quivering a throwing net.
The storm dragon struggles against the net.
Cast which spell? (? or * to list)
Aiming: Stone Arrow (safe; 1% risk of failure)
Press: ? - help, Shift-Dir - straight line, f/p - storm dragon
Aim: a storm dragon (freezing vapour, severely wounded, entangled in a net, catching its breath, 100% to hit)
The stone arrow hits the storm dragon!
The storm dragon is almost dead.
The storm dragon is engulfed in freezing vapours.
The storm dragon struggles against the net.
The merfolk is engulfed in freezing vapours.
Cast which spell? (? or * to list)
Aiming: Stone Arrow (safe; 1% risk of failure)
Press: ? - help, Shift-Dir - straight line, f/p - storm dragon
Aim: a storm dragon (freezing vapour, almost dead, entangled in a net, catching its breath, 100% to hit)
The stone arrow hits the storm dragon!!
You kill the storm dragon!
Cheibriados appreciates the change of pace.
The merfolk is engulfed in freezing vapours.
The manticore misses you. The manticore closely misses you.
The manticore misses you.
Reach: a) +9 halberd "Leistrui" {freeze, rPois Int+3}
Press: ? - help, Dir - move target, f - manticore
Aim: a manticore (about 18% to evade the +9 halberd "Leistrui")
You slash the manticore! You freeze the manticore.
The manticore is moderately wounded.
The merfolk is engulfed in freezing vapours.
The manticore completely misses you. The manticore closely misses you.
The manticore claws you.
Reach: a) +9 halberd "Leistrui" {freeze, rPois Int+3}
Press: ? - help, Dir - move target, f/p - manticore
Aim: a manticore (moderately wounded, about 18% to evade the +9 halberd "Leistrui")
You puncture the manticore! You freeze the manticore!
The manticore is severely wounded.
The merfolk is engulfed in freezing vapours.
The manticore misses you. The manticore barely misses you.
The manticore misses you.
The merfolk throws a throwing net.
The throwing net hits you.
You become entangled in the net!
You cannot attack while held in a net.
Unknown command.
You struggle against the net.
The manticore bites you but does no damage.
The manticore completely misses you.
The manticore claws you but does no damage.
The merfolk hits you from afar with a +0 glaive!
Cast which spell? (? or * to list)
Aiming: Stone Arrow (safe; 1% risk of failure)
Press: ? - help, Shift-Dir - straight line, f/p - manticore
Aim: a manticore (severely wounded, 87% to hit)
The stone arrow hits the manticore!!
You kill the manticore!
Cheibriados appreciates the change of pace.
The merfolk misses you.
Cast which spell? (? or * to list)
Aiming: Stone Arrow (safe; 1% risk of failure)
Press: ? - help, Shift-Dir - straight line, f - merfolk
Aim: a merfolk, wielding a +0 glaive (severely wounded, 72% to hit)
The stone arrow hits the merfolk!!
You kill the merfolk!
Cheibriados appreciates the change of pace.
A snapping turtle comes into view.
You tear a large gash into the net.
A merfolk avatar comes into view.
You shred the net and break free!
The merfolk avatar is engulfed in freezing vapours.
The merfolk avatar chants a haunting song.
You are mesmerised by the merfolk avatar!
A merfolk impaler comes into view.
It is wielding a +6 trident of protection and wearing a +4 scale mail of willpower.
Aiming: Paralyse
Press: ? - help, Shift-Dir - straight line, f - merfolk impaler
Aim: a merfolk impaler, wielding a +6 trident of protection, wearing a +4 scale mail of willpower and wearing a ring of protection from cold (wandering, hasn't noticed you, chance to affect: 13%)
Okay, then.
Unknown command.
Cast which spell? (? or * to list)
Aiming: Petrify (mildly dangerous; 4% risk of failure)
Press: ? - help, Shift-Dir - straight line, f - merfolk impaler
Aim: a merfolk impaler, wielding a +6 trident of protection, wearing a +4 scale mail of willpower and wearing a ring of protection from cold (wandering, hasn't noticed you, chance to affect: 24%)
Okay, then.
Unknown command.
Okay, then.
Okay, then.
Okay, then.
Okay, then.
Reach: a) +9 halberd "Leistrui" {freeze, rPois Int+3}
Press: ? - help, Dir - move target, f - merfolk impaler
Aim: a merfolk impaler, wielding a +6 trident of protection, wearing a +4 scale mail of willpower and wearing a ring of protection from cold (wandering, hasn't noticed you, about 41% to evade the +9 halberd "Leistrui")
Okay, then.
Cast which spell? (? or * to list)
Aiming: Freezing Cloud (dangerous; 6% risk of failure)
Press: ? - help, Dir - move target The snapping turtle hisses angrily.
You are engulfed in freezing vapours.
* * * LOW HITPOINT WARNING * * *
The merfolk avatar is engulfed in freezing vapours.
The merfolk avatar chants its luring song.
The merfolk impaler is engulfed in freezing vapours.
The merfolk impaler closely misses you.
A merfolk javelineer comes into view.
It is wielding a +0 spear and quivering silver javelins.
Unknown command.
Unknown command.
Unknown command.
Unknown command.
Unknown command.
You are engulfed in freezing vapours.
* * * LOW HITPOINT WARNING * * *
You are no longer entranced.
The merfolk impaler is engulfed in freezing vapours.
The merfolk javelineer throws a silver javelin.
The silver javelin pierces through you!
* * * LOW HITPOINT WARNING * * *
The silver sears you!
* * * LOW HITPOINT WARNING * * *
Unknown command.
Unknown command.
Unknown command.
Unknown command.
Unknown command.
Okay, then.
Unknown command.
Okay, then.
Unknown command.
Unknown command.
Unknown command.
Press: ? - help, v - describe, . - travel
Here: a merfolk impaler, wielding a +6 trident of protection, wearing a +4 scale mail of willpower and wearing a ring of protection from cold (freezing vapour, moderately wounded)
The floor.
Unknown command.
The merfolk impaler is engulfed in freezing vapours.
The merfolk impaler hits you from afar with a +6 trident of protection!!
* * * LOW HITPOINT WARNING * * *
The merfolk javelineer throws a silver javelin.
The silver javelin misses you.
The merfolk impaler is engulfed in freezing vapours.
The merfolk impaler hits you from afar with a +6 trident of protection.
* * * LOW HITPOINT WARNING * * *
The merfolk javelineer throws a silver javelin.
The silver javelin pierces through you!
You die...

.##.#..#......# #..
.t~...#~~.##..#...#...#..
.~...~/)..#.#~#..#~#..#..
,.#~..##...#.#.#..~~~..#..
#...~.§§.#..#~#..~~~=.#..
#.§#§8..~.#.#..~~~..#..
#§§m§†##.#.#.~~~~~.#..
#.$#§~~#...#.~~~~~.#.. #.~
##@~..#~#(~.~.~)#.. ,...
###m.#.'.~..~~.... [m#
##...'.~.#)~†... φ
.....#†#.~~.#~.#..
...#.#)#.~~~~~.#†. ..
....#.~~.~..#.. 8
#~.#.#.~~~~~.#..
##.#.#..~~~..#..
..#~#..~~~..#..


You could see a merfolk impaler and a merfolk javelineer.

Vanquished Creatures
  2 tentacled starspawn (Abyss:3)
  A storm dragon (Shoals:4)
  3 nagarajas (Snake:4)
  Louise (Shoals:4)
  A stone giant (Volcano)
  A merfolk impaler (Shoals:4)
  Harold (D:11)
  3 salamander tyrants
  5 hydras
  6 anacondas
  4 two-headed ogres
  A centaur warrior (D:10)
  A merfolk aquamancer (Shoals:4)
  3 boulder beetles
  11 naga warriors
  Urug (Lair:3)
  4 death yaks (Lair:5)
  3 naga sharpshooters
  4 shock serpents (Snake:4)
  4 skysharks
  6 spatial maelstroms (Abyss:3)
  4 salamander mystics (Snake:4)
  3 naga ritualists
  7 sea snakes
  7 mana vipers
  3 large abominations (Abyss:3)
  An orc knight (D:10)
  A deep elf zephyrmancer (D:10)
  8 harpies
  An iron dragon zombie (Abyss:3)
  2 fauns (Shoals:3)
  2 worldbinders (Abyss:3)
  8 cyclopes
  A meliai (D:10)
  10 salamanders
  4 manticores
  An ugly thing (D:10)
  5 merfolk sirens
  4 cane toads
  5 elephants (Lair:2)
  23 black mambas
  A molten gargoyle (Volcano)
  3 naga magi
  5 water nymphs
  Joseph (D:9)
  A torpor snail (Lair:4)
  5 guardian serpents
  A gargoyle (Volcano)
  A rime drake (Lair:5)
  An efreet (Volcano)
  An ancient zyme (Abyss:3)
  2 hellions (Abyss:3)
  3 komodo dragons
  2 tengu conjurers (D:10)
  4 merfolk
  2 wind drakes
  A troll (D:10)
  4 hornets
  2 polar bears (Lair:5)
  12 blink frogs
  2 raiju (Abyss:3)
  2 dream sheep (Lair:5)
  An air elemental (Shoals:4)
  3 shadows
  42 yaks
  9 spriggans (Lair:5)
  A wraith (D:11)
  A wyvern (shapeshifter) (Abyss:3)
  2 small abominations (Abyss:3)
  A water elemental (Shoals:4)
  3 fire elementals (Volcano)
  6 basilisks
  A starcursed mass (Abyss:3)
  Eustachio (D:6)
  Grum (D:5)
  4 wyverns
  4 fire bats (Volcano)
  A neqoxec (Abyss:3)
  A steam dragon (D:7)
  3 vampire mosquitoes (D:11)
  19 spatial vortices (Abyss:3)
  30 nagas
  8 water moccasins
  2 orc warriors (D:10)
  An ice beast (D:8)
  A sky beast (D:6)
  4 black bears
  18 wolves
  2 ogres
  4 boggarts (Lair:5)
  A phantom (D:6)
  3 centaurs
  Blork the orc (D:5)
  3 bullfrogs
  A brain worm (Abyss:3)
  3 kobold brigands
  2 scorpions
  An earth elemental (Volcano)
  3 gnoll sergeants
  2 wights (D:8)
  10 killer bees
  4 electric eels
  5 howler monkeys
  4 lava snakes (Volcano)
  10 hounds
  8 orc priests
  A gnoll bouda (D:5)
  A sleepcap (D:7)
  Terence (D:2)
  11 orc wizards
  4 hell rats (Lair:2)
  9 gnolls (D:5)
  6 adders
  2 white imps
  2 ufetubi (D:6)
  A dart slug (D:1)
  42 orcs
  9 ball pythons
  A bat (D:1)
  3 endoplasms
  3 giant cockroaches
  4 hobgoblins (D:1)
  4 jackals (D:4)
  2 quokkas
  A frilled lizard (D:1)
  2 goblins (D:4)
  11 kobolds
  4 rats
  4 starspawn tentacles (Abyss:3)
585 creatures vanquished.

Vanquished Creatures (others)
  A harpy (Shoals:4)
  A faun (Shoals:3)
  4 starspawn tentacles (Abyss:3)
6 creatures vanquished.

Grand Total: 591 creatures vanquished

Notes
Turn   | Place    | Note
-------+----------+-------------------------------------------
     0 | D:1      | jagoly the Human Earth Elementalist began the quest for the
                  | Orb.
     0 | D:1      | Reached XP level 1. HP: 13/13 MP: 3/3
   113 | D:1      | Reached XP level 2. HP: 19/19 MP: 0/5
   161 | D:2      | Noticed Terence
   309 | D:2      | Found a faded altar of an unknown god.
   367 | D:1      | Reached XP level 3. HP: 24/24 MP: 0/6
   486 | D:1      | Learned a level 3 spell: Stone Arrow
   647 | D:3      | Reached XP level 4. HP: 13/31 MP: 3/7
   715 | D:2      | Learned a level 3 spell: Passwall
   782 | D:2      | Killed Terence
   783 | D:2      | Reached skill level 1 in Fighting
   835 | D:3      | Reached XP level 5. HP: 10/37 MP: 2/9
   950 | D:4      | Reached XP level 6. HP: 44/46 MP: 1/10
   986 | D:5      | Entered Level 5 of the Dungeon
   986 | D:5      | Noticed Blork the orc
   990 | D:5      | Killed Blork the orc
  1069 | D:4      | Reached skill level 5 in Earth Magic
  1069 | D:4      | Reached XP level 7. HP: 52/52 MP: 1/11
  1090 | D:4      | Found a burning altar of Makhleb.
  1485 | D:5      | Found an ornate altar of the Wu Jian Council.
  1486 | D:5      | Found a hazy altar of Hepliaklqana.
  1488 | D:5      | Found a shimmering altar of Xom.
  1524 | D:5      | Reached XP level 8. HP: 37/58 MP: 1/12
  1584 | D:5      | Found a sacrificial altar of Ru.
  1635 | D:5      | Reached skill level 5 in Conjurations
  1637 | D:5      | Noticed Grum
  1653 | D:5      | Killed Grum
  1723 | D:6      | Found a staircase to the Ecumenical Temple.
  1730 | Temple   | Entered the Ecumenical Temple
  1746 | Temple   | Became a worshipper of Cheibriados the Contemplative
  1815 | D:6      | Found the +9 staff of Olgreb {rPois∞}
  1824 | D:6      | Found a runed translucent gate.
  1824 | D:6      | Found a runed translucent gate.
  1825 | D:6      | Found a runed translucent door.
  1845 | D:6      | Found a shadowy altar of Dithmenos.
  1894 | D:6      | Noticed Eustachio
  1926 | D:6      | Killed Eustachio
  1927 | D:6      | Reached XP level 9. HP: 46/65 MP: 0/15
  2053 | D:7      | Found a bloodstained altar of Trog.
  2114 | D:8      | Noticed a two-headed ogre
  2119 | D:8      | Killed a two-headed ogre
  2198 | D:7      | Reached * piety under Cheibriados
  2272 | D:7      | Found an ancient bone altar of Kikubaaqudgha.
  2457 | D:8      | Noticed a two-headed ogre
  2463 | D:8      | Killed a two-headed ogre
  2464 | D:8      | Reached skill level 5 in Fighting
  2464 | D:8      | Reached skill level 5 in Spellcasting
  2464 | D:8      | Reached XP level 10. HP: 74/74 MP: 2/17
  2472 | D:8      | Reached ** piety under Cheibriados
  2530 | D:10     | Entered Level 10 of the Dungeon
  2656 | D:9      | Reached skill level 1 in Armour
  2656 | D:9      | Reached skill level 5 in Stealth
  2801 | D:9      | Reached *** piety under Cheibriados
  2971 | D:9      | Reached skill level 5 in Dodging
  2998 | D:9      | Noticed Joseph
  3002 | D:9      | Killed Joseph
  3131 | D:11     | Noticed a brown ugly thing
  3132 | D:11     | Noticed Harold
  3137 | D:10     | Killed a brown ugly thing
  3196 | D:10     | Found a stormy altar of Qazlal.
  3254 | D:10     | Identified the +9 halberd "Leistrui" {freeze, rPois Int+3}
  3269 | D:10     | Noticed a boulder beetle
  3280 | D:10     | Killed a boulder beetle
  3283 | D:10     | Noticed a harpy
  3296 | D:10     | Reached XP level 11. HP: 71/81 MP: 12/19
  3312 | D:10     | Noticed a deep elf zephyrmancer
  3323 | D:10     | Killed a deep elf zephyrmancer
  3324 | D:10     | Reached skill level 5 in Armour
  3349 | D:10     | Killed a harpy
  3355 | D:10     | Learned a level 4 spell: Iskenderun's Mystic Blast
  3358 | D:10     | Reached **** piety under Cheibriados
  3415 | D:10     | Identified the staff of Logasmos {rF+ rCorr Dex-4 Summ
                  | Fire}
  3461 | D:11     | Noticed a manticore
  3594 | D:10     | Reached skill level 1 in Evocations
  3598 | D:10     | Learned a level 3 spell: Frozen Ramparts
  3600 | D:10     | Noticed a centaur warrior
  3605 | D:10     | Killed a centaur warrior
  3657 | D:10     | Noticed a two-headed ogre
  3663 | D:10     | Killed a two-headed ogre
  3666 | D:10     | Noticed a boulder beetle
  3676 | D:10     | Killed a boulder beetle
  3677 | D:10     | Noticed an orc knight
  3685 | D:10     | Killed an orc knight
  3742 | D:10     | Noticed a two-headed ogre
  3747 | D:10     | Killed a two-headed ogre
  3760 | D:10     | Found The Oracle's Delphic Readings.
  3810 | D:10     | Found a staircase to the Orcish Mines.
  3886 | D:11     | Killed a manticore
  3887 | D:11     | Reached XP level 12. HP: 92/92 MP: 7/21
  3912 | D:11     | Reached ***** piety under Cheibriados
  3999 | D:11     | Killed Harold
  4038 | D:11     | Found a staircase to the Lair.
  4131 | D:10     | Bought a scroll of blinking for 90 gold pieces
  4131 | D:10     | Bought a scroll of fear for 48 gold pieces
  4140 | D:10     | Learned a level 4 spell: Petrify
  4226 | Lair:1   | Entered Level 1 of the Lair of Beasts
  4675 | Lair:2   | Noticed a five-headed hydra
  4678 | Lair:2   | Killed a five-headed hydra
  4679 | Lair:2   | Reached XP level 13. HP: 101/101 MP: 15/24
  4687 | Lair:3   | Noticed Urug
  4699 | Lair:3   | Killed Urug
  4761 | Lair:3   | Reached skill level 10 in Fighting
  5027 | Lair:3   | Found a dark tunnel.
  5037 | Volcano  | Entered a volcano
  5087 | Volcano  | Reached ****** piety under Cheibriados
  5116 | Volcano  | Noticed a stone giant
  5158 | Volcano  | Found a radiant altar of Vehumet.
  5226 | Volcano  | Killed a stone giant
  5388 | Lair:3   | Reached skill level 10 in Spellcasting
  5489 | Lair:2   | Identified the amulet "Naddoukk" {Reflect rPois Will++ MP-9
                  | SH+5 SInv}
  5639 | Lair:2   | Found a staircase to the Shoals.
  5708 | Lair:3   | Found a staircase to the Snake Pit.
  5754 | Lair:5   | Entered Level 5 of the Lair of Beasts
  5764 | Lair:5   | Reached skill level 1 in Invocations
  5781 | Lair:5   | Reached skill level 5 in Invocations
  5812 | Lair:5   | Found a staircase to the Slime Pits.
  5935 | Lair:5   | Reached XP level 14. HP: 35/110 MP: 0/28
  6020 | Lair:5   | Reached skill level 1 in Throwing
  6104 | Lair:5   | Found the +6 arbalest "Damnation" {damnation}
  6135 | Lair:5   | Got an earthy gem with 1128 turns to spare
  6317 | Snake:1  | Entered Level 1 of the Snake Pit
  6332 | Snake:1  | Reached skill level 1 in Polearms
  6350 | Snake:1  | Learned a level 5 spell: Freezing Cloud
  6399 | Snake:1  | Reached skill level 5 in Ice Magic
  6507 | Snake:1  | Found a runed translucent door.
  6507 | Snake:1  | Noticed Dadghomedgh's ghost (adept GnHW)
  6682 | Snake:2  | Found a runed translucent gate.
  6683 | Snake:2  | Found a runed translucent gate.
  6684 | Snake:2  | Found a runed translucent gate.
  6685 | Snake:2  | Noticed Wizard1ke's ghost (adept MiFi)
  6746 | Snake:2  | Reached XP level 15. HP: 108/117 MP: 19/29
  6830 | Snake:4  | Entered Level 4 of the Snake Pit
  6869 | Snake:4  | HP: 3/117 [naga warrior/+0 flail (21)]
  6967 | Snake:4  | Identified the +0 leather armour of Incorporation {-Cast
                  | rElec Str+5}
  7121 | Snake:4  | Noticed a nagaraja
  7127 | Snake:4  | Killed a nagaraja
  7166 | Snake:4  | Noticed a nagaraja
  7184 | Snake:3  | Noticed Nys Cevy's ghost (adept TrFi)
  7208 | Snake:4  | Noticed a nagaraja
  7214 | Snake:4  | Reached skill level 5 in Polearms
  7218 | Snake:4  | Killed a nagaraja
  7298 | Snake:4  | Killed a nagaraja
  7404 | Snake:4  | Got a jade gem with 699 turns to spare
  7428 | Snake:4  | Got a serpentine rune of Zot
  7522 | Snake:2  | Noticed Donald
  7662 | Shoals:1 | Entered Level 1 of the Shoals
  7663 | Shoals:1 | Found Itaof's Weapon Boutique.
  7722 | Shoals:1 | Reached XP level 16. HP: 125/125 MP: 15/31
  7933 | Shoals:4 | Entered Level 4 of the Shoals
  7933 | Shoals:4 | Noticed Louise
  7943 | Shoals:4 | Paralysed by an air elemental for 1 turns
  7946 | Abyss:3  | Cast into level 3 of the Abyss (Louise)
  8006 | Abyss:3  | Noticed a tentacled starspawn
  8014 | Abyss:3  | Killed a tentacled starspawn
  8024 | Abyss:3  | Noticed a tentacled starspawn
  8030 | Abyss:3  | Killed a tentacled starspawn
  8053 | Abyss:3  | Noticed a lich
  8105 | Abyss:3  | Got an abyssal rune of Zot
  8122 | Abyss:3  | Reached skill level 10 in Earth Magic
  8136 | Shoals:4 | Escaped the Abyss
  8147 | Shoals:4 | Gained mutation: Your magical capacity is low. (-10% MP)
                  | [mutagenic glow]
  8153 | Shoals:4 | Killed Louise
  8200 | Shoals:4 | Reached skill level 10 in Armour
  8226 | Shoals:4 | Reached skill level 10 in Dodging
  8254 | Shoals:4 | Noticed a storm dragon
  8262 | Shoals:4 | Killed a storm dragon
  8272 | Shoals:4 | HP: 6/127 [merfolk impaler/+6 trident of protection (2)]
  8272 | Shoals:4 | Hit by a silver javelin thrown by a merfolk javelineer

Illustrated notes

Levels and vault maps discovered:
D:1:      giann_bridges, layout_basic, minmay_pentomino_t4
D:2:      wander_river, layout_loops_ring,
          shapermc_ecumenical_altar_mp_urbaneastern,
          dreamdust_mushroom_princess, minmay_snake_closets, uniq_terence
D:3:      layout_loops_ring, uniq_ijyb
D:4:      layout_basic, makhleb_altar_promises_db
D:5:      layout_cave_pools, lemuel_crystal_altar, minitemple,
          serial_gnoll_camp, grums_kennel, gnoll_camp_huts_moat,
          gnoll_camp_mini_house, gnoll_camp_mini_hut, gnoll_camp_mini_house,
          uniq_blork_the_orc
D:6:      layout_loops_ring, grunt_dithmenos_smoke, lemuel_blue_sif_altar,
          minmay_guarded_unrand_staff_of_olgreb, uniq_eustachio
D:7:      layout_loops_ring, kiku_gazebo_pond_becter, nemelex_dance_club_becter,
          nicolae_overflow_crystal_walls, hangedman_decor_diamond_cutter,
          minmay_diced_spiral
D:8:      layout_loops_ring, nicolae_tso_swordbearing_angel,
          mainiacjoe_overflow_paths
D:9:      layout_loops_corners, uniq_joseph
D:10:     minmay_chopped_fan, layout_long_grid, lemuel_tele_altar,
          minmay_orc_entry_temple_small, nicolae_nh_oracle_at_delphi
D:11:     layout_cave_pools, lair_entry_dummy, uniq_harold
Temple:   grunt_temple_mini_profane
Lair:1:   layout_hall_layers, grunt_megastairs_4
Lair:2:   layout_layer_cave, minmay_shoals_entry_lonely_mermaid,
          nicolae_quartered_pool_super, uniq_nergalle
Lair:3:   layout_long_grid, nicolae_snake_entry_squirm, enter_volcano_4,
          uniq_urug, uniq_prince_ribbit2
Lair:4:   layout_regular_city, grunt_forest_large_clearings,
          infiniplex_staircase_pool_2
Lair:5:   minmay_lair_end_enchanted_forest, layout_regular_city, slime_entry_1,
          grunt_megastairs_3
Shoals:1: layout_shoals, serial_shops, nicolae_shop_mannequins, st_cyclops
Shoals:2: layout_shoals, nicolae_stop_n_shop_2
Shoals:3: layout_shoals, nicolae_shoals_undead_eyrie, uniq_bai_suzhen,
          uniq_jorgrun
Shoals:4: shoals_end_hellmonk_storm_palace [storm_palace_center_ruins,
          storm_palace_corner_blocked, storm_palace_corner_narrow,
          storm_palace_corner_pillars, storm_palace_corner_pillars], uniq_louise
Snake:1:  layout_cave_pods, gammafunk_ghost_grave,
          nicolae_snake_ghostly_warrior_ritual, minmay_shop_grove
Snake:2:  nicolae_snake_attic_fulla_snakes, layout_layer_cave,
          ebering_ghost_rock_garden, nicolae_snake_salamander_stairs,
          serial_bayou_shore_a, uniq_donald
Snake:3:  layout_rooms, gammafunk_ghost_arena
Snake:4:  johnstein_snake_rune_scales, layout_onion, nicolae_snake_springs,
          serial_bayou_shore_b, uniq_vashnia

Skill      XL: |  1  2  3  4  5  6  7  8  9 10 11 12 13 14 15 16 |
---------------+-------------------------------------------------+-----
Conjurations   | 2 3 4 7 8 9 |  9.6
Fighting       | 1 2 3 4 5 6 8 9 10 11 | 11.7
Earth Magic    | 4 5 6 8 9 10 | 10.0
Spellcasting   | 3 4 5 6 7 10 11 | 11.4
Dodging        | 3 4 5 6 8 9 10 | 10.0
Stealth        | 3 4 5 6 |  6.0
Armour         | 4 6 7 8 9 10 | 10.0
Evocations     | 4 |  4.0
Ice Magic      | 4 8 9 |  9.6
Translocations | 4 |  4.0
Invocations    | 7 8 |  8.0
Throwing       | 2 |  2.0
Polearms       | 2 6 7 |  7.7

Action                     |  1- 3 |  4- 6 |  7- 9 | 10-12 | 13-15 | 16-18 || total
---------------------------+-------+-------+-------+-------+-------+-------++-------
  Melee: Unarmed           |     2 |       |       |       |       |       ||     2
         Staff             |     7 |       |    19 |       |       |       ||    26
         Halberd           |       |       |       |   203 |   408 |   102 ||   713
   Fire: Arbalest          |       |       |       |       |       |     3 ||     3
  Throw: Dart              |       |     2 |     2 |    17 |     5 |     4 ||    30
         Stone             |       |       |       |    12 |    33 |       ||    45
         Throwing net      |       |       |       |       |     3 |     2 ||     5
         Javelin           |       |       |       |       |     8 |       ||     8
         Boomerang         |       |       |       |       |     2 |       ||     2
   Cast: Sandblast         |    38 |    40 |    94 |    61 |    71 |       ||   304
         Stone Arrow       |       |    11 |    57 |   109 |   140 |    45 ||   362
         Passwall          |       |       |     9 |    84 |    94 |     8 ||   195
         Frozen Ramparts   |       |       |       |     2 |    15 |       ||    17
         Iskenderun's Myst |       |       |       |     1 |    11 |     5 ||    17
         Petrify           |       |       |       |       |     3 |       ||     3
         Freezing Cloud    |       |       |       |       |    49 |    15 ||    64
 Invoke: Slouch            |       |       |       |       |     5 |     7 ||    12
  Evoke: Wand              |       |     2 |     6 |     2 |     6 |     1 ||    17
         Phial of floods   |       |       |       |       |     2 |     1 ||     3
    Use: Potion            |     1 |       |       |       |     4 |       ||     5
         Scroll            |       |       |       |    11 |    15 |     2 ||    28
   Stab: Paralysed         |       |       |       |     5 |       |    10 ||    15
         Petrified         |       |       |       |       |    12 |       ||    12
         Sleeping          |       |       |       |       |     3 |     1 ||     4
         Petrifying        |       |       |       |       |     2 |       ||     2
         Distracted        |       |       |       |       |     2 |     1 ||     3
 Armour: Robe              |     8 |    17 |    46 |       |       |       ||    71
         Scale mail        |       |       |    30 |   182 |   390 |    82 ||   684
         Leather armour    |       |       |       |       |     7 |       ||     7
  Dodge: Dodged            |    12 |    17 |   122 |   479 |   969 |   157 ||  1756
